 Dungeon Sprint DCSS version 0.21-a0-41-g5e91fef (webtiles) character file.

452 Kidiri the Thaumaturge (level 6, -9/38 HPs)
             Began as a Deep Elf Fire Elementalist on June 3, 2017.
             Mangled by a tyrant leech (27 damage)
             ... in the Dungeon (Sprint II: "The Violet Keep of Menkaure").
             The game lasted 00:02:41 (541 turns).

Kidiri the Thaumaturge (Deep Elf Fire Elementalist)  Turns: 541, Time: 00:02:42

Health: -9/38      AC:  2    Str:  5    XL:     6   Next: 75%
Magic:  3/21       EV: 16    Int: 22    God:
Gold:   486        SH:  0    Dex: 15    Spells: 8/26 levels left

rFire    . . .     SeeInvis .   (no weapon)
rCold    . . .     Gourm    .   (no shield)
rNeg     . . .     Faith    .   a - +0 robe
rPois    .         Spirit   .   (no helmet)
rElec    .         Reflect  .   (no cloak)
rCorr    .         Harm     .   (no gloves)
MR       .....     NoTele   +   (no boots)
Stlth    ++........             (no amulet)
Regen    0.2/turn               (no ring)
MPRegen  0.2/turn               (no ring)

@: no status effects
A: no striking features
a: no special abilities


You were in the Dungeon.
You were not hungry.

You visited 1 branch You collected 486 gold pieces.

Inventory:

Armour
 a - a +0 robe (worn)
Scrolls
 i - a scroll of blinking
Potions
 f - a potion of haste
 h - a potion of berserk rage
Books
 b - a book of Flames

   Spells                             Type                      Level
   a - Flame Tongue                   Conjuration/Fire             1
   b - Throw Flame                    Conjuration/Fire             2
   c - Conjure Flame                  Conjuration/Fire             3
   d - Inner Flame                    Hexes/Fire                   3
   e - Sticky Flame                   Conjuration/Fire             4
   f - Fireball                       Conjuration/Fire             5
Comestibles
 c - a bread ration


   Skills:
 + Level 4.3 Fighting
 + Level 4.4 Armour
 + Level 7.0 Dodging
 - Level 2.4 Stealth
 * Level 10.5 Spellcasting
 + Level 5.9 Conjurations
 + Level 6.9 Fire Magic


You had 8 spell levels left.
You knew the following spells:

 Your Spells              Type           Power        Failure   Level  Hunger
a - Flame Tongue          Conj/Fire      #####        1%          1    None
b - Throw Flame           Conj/Fire      #####.       1%          2    None
c - Conjure Flame         Conj/Fire      #####...     1%          3    None
d - Inner Flame           Hex/Fire       ####....     4%          3    None
e - Sticky Flame          Conj/Fire      #####...     4%          4    #......
f - Fireball              Conj/Fire      #####.....   11%         5    ####...


Dungeon Overview and Level Annotations

Branches:
Dungeon (1/1)

Altars:


Message History

Casting: Inner Flame
Confirm with . or Enter, or press ? or * to list all spells.
Aiming: Flame Tongue
Press: ? - help, Shift-Dir - straight line, f/p - tyrant leech
Aim: a tyrant leech (severely wounded, inner flame)
The flame tongue hits the tyrant leech.
The tyrant leech is severely wounded.
Casting: Flame Tongue
Confirm with . or Enter, or press ? or * to list all spells.
Aiming: Sticky Flame
Press: ? - help, Shift-Dir - straight line, f - tyrant leech, p - tyrant leech
Aim: a tyrant leech (flame, lightly wounded)
The sticky flame hits the tyrant leech.
The tyrant leech is moderately wounded.
The tyrant leech is covered in liquid flames!
The tyrant leech burns!
The tyrant leech is engulfed in blazing flames.
The tyrant leech bites you!!
Ouch! That really hurt!
You die...

## ## ##.
.## .. ..
### $#. #
#.###'# .#
##..##§##.#
+.##'.w.'#
##..##w##.#
#.###@## .#
#####..## #
#.##..#
##.#.##
##+##
#≈≈≈≈≈≈≈≈§≈≈
#+++#+++#§≈≈
§§≈ ≈≈≈


You could see 2 tyrant leeches.

Vanquished Creatures
  2 hippogriffs (D)
  4 worker ants (D)
  3 worms (D)
9 creatures vanquished.

Vanquished Creatures (others)
  Menkaure (D)
  A crocodile (D)
2 creatures vanquished.

Grand Total: 11 creatures vanquished

Notes
Turn   | Place    | Note
-------+----------+-------------------------------------------
     0 | D        | Kidiri the Deep Elf Fire Elementalist began the quest for the Orb.
     0 | D        | Reached XP level 1. HP: 10/10 MP: 6/6
     1 | D        | Noticed a worker ant
     1 | D        | Noticed a worker ant
     1 | D        | Noticed a worker ant
     1 | D        | Noticed a worker ant
     5 | D        | Noticed a tyrant leech
     5 | D        | Noticed a tyrant leech
     9 | D        | Noticed a hippogriff
     9 | D        | Noticed a hippogriff
    22 | D        | Killed Menkaure
    26 | D        | Reached skill level 4 in Spellcasting
    43 | D        | Killed a crocodile
   205 | D        | Noticed an ice statue
   213 | D        | Reached skill level 1 in Armour
   213 | D        | Reached XP level 2. HP: 16/16 MP: 3/9
   226 | D        | Learned a level 2 spell: Throw Flame
   272 | D        | Reached skill level 1 in Fighting
   272 | D        | Reached skill level 5 in Spellcasting
   272 | D        | Reached XP level 3. HP: 17/20 MP: 4/11
   276 | D        | Reached skill level 6 in Spellcasting
   279 | D        | Reached XP level 4. HP: 9/26 MP: 11/14
   284 | D        | Reached skill level 7 in Spellcasting
   284 | D        | Reached skill level 5 in Fire Magic
   290 | D        | Learned a level 3 spell: Conjure Flame
   294 | D        | Learned a level 3 spell: Inner Flame
   299 | D        | Learned a level 4 spell: Sticky Flame
   385 | D        | Killed a hippogriff
   385 | D        | Reached skill level 9 in Spellcasting
   385 | D        | Reached skill level 5 in Conjurations
   385 | D        | Reached XP level 5. HP: 17/32 MP: 5/18
   385 | D        | Reached XP level 6. HP: 20/37 MP: 5/20
   389 | D        | Killed a hippogriff
   389 | D        | Reached skill level 10 in Spellcasting
   504 | D        | Learned a level 5 spell: Fireball
   541 | D        | Mangled by a tyrant leech

Vault maps used:
D:        the_violet_keep_of_menkaure

Skill      XL: |  1  2  3  4  5  6 |
---------------+-------------------+-----
Dodging        | 3 4 6 7 |  7.0
Spellcasting   | 4 5 6 9 10 | 10.5
Armour         | 1 2 3 4 |  4.4
Fighting       | 1 2 3 4 |  4.3
Conjurations   | 2 3 5 |  5.9
Fire Magic     | 4 6 |  6.9
Stealth        | |  2.4

Action                   |  1- 3 |  4- 6 || total
-------------------------+-------+-------++-------
 Cast: Flame Tongue      |    24 |    11 ||    35
       Conjure Flame     |       |     4 ||     4
       Sticky Flame      |       |     3 ||     3
       Inner Flame       |       |     1 ||     1
  Use: Potion            |     2 |     2 ||     4
Armor: Robe              |     1 |       ||     1
Dodge: Dodged            |     9 |     2 ||    11
